 Dungeon Crawl Stone Soup version 0.30-a0-174-gbc10bd73c2 (webtiles) character file.

Game seed: 1452983514042472852

254424 qw the Severer (level 20, 0/136 HPs)
             Began as a Gargoyle Fighter on Oct 1, 2022.
             Was a High Priest of Okawaru.
             Killed from afar by a lindwurm (13 damage)
             ... with a blast of flame
             ... on level 2 of the Vaults.
             The game lasted 00:17:19 (35023 turns).

qw the Severer (Gargoyle Fighter)                  Turns: 35023, Time: 00:17:20

Health: 0/136      AC: 58    Str: 35    XL:     20   Next: 18%
Magic:  27/27      EV: 11    Int: 13    God:    Okawaru [*****.]
Gold:   1280       SH: 21    Dex:  9    Spells: 19/19 levels left

rFire   + + .      SeeInvis +    y - +9 broad axe (flame)
rCold   + + +      Faith    .    J - +2 kite shield {rC+ rF+}
rNeg    + . .      Spirit   .    w - +5 plate armour
rPois   inf        Reflect  +    s - +2 helmet
rElec   +          Harm     .    g - +2 cloak {Stlth+}
rCorr   +          Rampage  .    n - +0 pair of gloves of Zouvogha {Drain rC+++ Int+4 SInv}
Will    +....                    q - +2 pair of boots
Stlth   ..........               b - amulet of reflection
HPRegen 0.42/turn                u - +4 ring of protection
MPRegen 0.20/turn                G - +6 ring of strength

@: resistant (expiring), heroic, flying
A: sickness immunity, AC +15, big wings, negative energy resistance 1,
electricity resistance, torment resistance 1, petrification resistance
}: 1/15 runes: decaying
a: Renounce Religion, Heroism, Finesse, Duel


You were on level 2 of the Vaults.
You worshipped Okawaru.
Okawaru was extremely pleased with you.
You visited 6 branches of the dungeon, and saw 31 of its levels.
You also visited: Sewer.

You collected 3405 gold pieces.
You spent 2125 gold pieces at shops.


Innate Abilities, Weirdness & Mutations

You are immune to sickness and miasma.
Your stone body is resilient. (AC +15)
You are immune to poison.
Your large and strong wings let you fly.
You resist negative energy. (rN+)
You are resistant to electric shocks. (rElec)
You are resistant to unholy torment.
You are immune to petrification.


   Skills:
 + Level 17.8(22.8) Fighting
 - Level 18.0(23.0) Axes
 - Level 8.0(13.0) Throwing
 - Level 17.0(22.0) Armour
 - Level 5.0(10.0) Dodging
 - Level 16.0(21.0) Shields
 - Level 10.0 Invocations


You had 19 spell levels left.
You didn't know any spells.
Your spell library was empty.

Inventory:

Hand Weapons
 c - the +2 broad axe of Ajante {vorpal, rF- Will+ rCorr Str+4}
   (Okawaru gifted it to you on level 15 of the Dungeon)

   It inflicts extra damage upon your enemies.
   Str:       It affects your strength (+4).
   rF:        It makes you vulnerable to fire.
   rCorr:     It protects you from acid and corrosion.
   Will:      It increases your willpower.
 v - the +2 war axe of Ravage {flame, Drain rC+++ Dex+8}
   (You found it on level 7 of the Dungeon)

   It burns those it strikes, dealing additional fire damage.
   Big, fiery blades are also staple armaments of hydra-hunters.
   Dex:       It affects your dexterity (+8).
   rC:        It renders you almost immune to cold.
   Drain:     It drains your maximum health when unequipped.
 y - a +9 broad axe of flaming (weapon)
Missiles
 j - 27 boomerangs
 B - 4 javelins (quivered)
Armour
 g - a +2 cloak of stealth (worn)
 n - the +0 pair of gloves of Zouvogha (worn) {Drain rC+++ Int+4 SInv}
   (Okawaru gifted it to you on level 1 of the Lair of Beasts)

   Int:       It affects your intelligence (+4).
   rC:        It renders you almost immune to cold.
   SInv:      It lets you see invisible.
   Drain:     It drains your maximum health when unequipped.
 q - a +2 pair of boots (worn)
 s - a +2 helmet (worn)
 w - a +5 plate armour (worn)
 J - a +2 kite shield of resistance (worn)
 K - a +3 plate armour of cold resistance
Jewellery
 b - an amulet of reflection (around neck)
 u - a +4 ring of protection (left hand)
 C - a ring of protection from cold
 D - a ring of protection from fire
 E - the ring of Ahyokk {rF+ rC+ SInv}
   (You found it on level 4 of the Swamp)

   [ring of protection from cold]

   rF:        It protects you from fire.
   rC:        It protects you from cold.
   SInv:      It lets you see invisible.
 G - a +6 ring of strength (right hand)
 Y - the ring of Nez Ofo {rPois rCorr AC+4 Int-2 Dex-4}
   (You bought it in a shop on level 2 of the Orcish Mines)

   [ring of protection]

   AC:        It affects your AC (+4).
   Int:       It affects your intelligence (-2).
   Dex:       It affects your dexterity (-4).
   rPois:     It protects you from poison.
   rCorr:     It protects you from acid and corrosion.
Scrolls
 h - 21 scrolls of identify
 p - 8 scrolls of teleportation
Potions
 a - 10 potions of curing
 d - 7 potions of might
 e - 6 potions of mutation
 f - 5 potions of attraction
 i - 2 potions of lignification
 k - a potion of resistance
 l - 5 potions of haste
 m - 2 potions of magic
 o - 2 potions of cancellation
 t - 4 potions of heal wounds

Dungeon Overview and Level Annotations

Branches:
Dungeon (15/15)            Temple (0/1) D:5            Lair (5/5) D:9
  Swamp (4/4) Lair:2        Snake (3/4) Lair:2        Slime (0/5) Lair:5
    Orc (2/2) D:10            Elf (0/3) Orc:2        Vaults (2/5) D:13
  Crypt (0/3) Vaults:2     Depths (0/4) D:15          Sewer (visited)

Altars:
Ashenzari
Cheibriados
Elyvilon
Fedhas
Gozag
Kikubaaqudgha
Makhleb
Nemelex Xobeh
Okawaru
Qazlal
Trog
Vehumet
Wu Jian
Zin
Jiyva

Shops:
D:7 *   Orc:2 (=(=   Snake:1 ([

Portals:
Trove: Vaults:2 (give +4 fire dragon scales)

Annotations:
D:3 2 transporters, qw's ghost, amateur GrFi
Lair:1 2 runed translucent doors, qw's ghost, journeyman GrFi
Lair:3 1 runed translucent door, qw's ghost, journeyman GrFi
Swamp:1 3 runed translucent doors, Zachydoop's ghost, journeyman DsGl


Message History

The vault warden activates a sealing rune.
You slash the vault warden! You burn the vault warden.
The vault warden is heavily wounded.
You hit the hell knight but do no damage.
The hell knight hits you with a +1 great sword of flaming.
The ironbound convoker gestures at the lindwurm while chanting.
The lindwurm seems to grow stronger.
The hell knight hits you but does no damage.
You block the vault warden's attack.
You barely miss the vault warden.
The vault warden is heavily wounded.
You hit the hell knight.
The hell knight hits you with a +1 great sword of flaming.
You slice the vault warden!! You burn the vault warden!
The vault warden is severely wounded.
You slice the hell knight!! You block the vault warden's attack.
The hell knight hits you but does no damage.
You slice the vault warden!! You burn the vault warden.
You kill the vault warden!
Okawaru accepts your kill.
The runic seals fade away.
You hit the hell knight but do no damage.
You start to feel less resistant.
You block the hell knight's attack.
The ironbound convoker points at the hell knight and mumbles some strange words.
The hell knight seems to grow stronger.
You barely miss the hell knight.
The hell knight is heavily wounded.
You slash the hell knight! You block the hell knight's attack. x2
The hell knight hits you with a +3 great sword!!
The hell knight utters an invocation to its god.
The hell knight seems to speed up.
The ironbound convoker casts a spell at the ironbound convoker.
The ironbound convoker seems to grow stronger.
The lindwurm breathes flames at you.
The blast of flame hits the hell knight.
The hell knight completely resists.
The blast of flame hits you! You resist.
You die...

#.#...#.# ###
####'###
#.##.##.#
#...%..
#.......#
#......
#.......#
#......
#.......#
#......
#.##.##.#
#......
#.#...#.#
#.....#
#+###+#########
#.....#
#.....)@pk.....
#.....#
#.######pk#####
#.....# p.#
#.....#


Jp# #.....# pp# +.....# ... #.....# .... #.....# <<.. #.....# #.....# You could
see 4 hell knights, a slime creature (strong), 2 lindwurms and 2 ironbound
convokers.

Vanquished Creatures
  Mara (Snake:3)
  Bai Suzhen (Swamp:4)
  Margery (Vaults:2)
  Saint Roka (Snake:3)
  Nikola (Swamp:4)
  Rupert (D:12)
  A tentacled monstrosity (Swamp:4)
  Frances (D:12)
  2 thorn hunters
  3 nagarajas
  A revenant (Vaults:2)
  8 vault wardens
  4 very ugly things
  An ironbound thunderhulk (Vaults:1)
  3 orc warlords
  11 ironbound preservers
  4 eleionomae
  Nessos (D:12)
  A dire elephant (D:15)
  3 bunyips
  An eidolon (Vaults:2)
  A crystal guardian (Vaults:1)
  3 shambling mangroves (Swamp:4)
  2 entropy weavers
  6 yaktaur captains
  A great orb of eyes (Vaults:1)
  A salamander tyrant (Snake:3)
  An ice dragon (D:12)
  19 hydras
  2 vault guards (Vaults:2)
  An ogre mage (Orc:1)
  A ghost crab (Swamp:3)
  2 peacekeepers
  5 ironbound frosthearts
  7 anacondas
  2 centaur warriors
  7 alligators
  Erica (Lair:2)
  2 catoblepae
  6 two-headed ogres
  A deep troll shaman (Lair:5)
  12 death yaks
  6 naga warriors
  3 boulder beetles
  3 shock serpents
  Urug (D:13)
  6 naga sharpshooters
  A vampire mage (Vaults:2)
  5 orc high priests
  A hell knight (Vaults:2)
  2 salamander mystics (Snake:3)
  A skeletal warrior (Vaults:2)
  6 goliath frogs
  23 deep trolls
  5 spriggan druids
  A glowing orange brain (Vaults:1)
  6 bog bodies
  A sea snake (Snake:1)
  7 swamp dragons (Swamp:4)
  6 wizards
  6 ironbound convokers
  8 orc knights
  2 naga ritualists
  3 lindwurms
  3 deep elf pyromancers
  5 mana vipers
  5 orc sorcerers
  22 ugly things
  A wolf spider (D:15)
  5 cyclopes
  13 salamanders
  A will-o-the-wisp (Swamp:2)
  5 elephants (Lair:5)
  2 manticores (D:15)
  7 naga magi
  4 vault sentinels
  An ice statue (D:12)
  4 guardian serpents
  28 black mambas
  11 cane toads
  2 gargoyles (D:12)
  An unseen horror (D:12)
  A kobold demonologist (D:13)
  A freezing wraith (Vaults:1)
  2 rime drakes (Lair:5)
  2 tengu conjurers (D:14)
  10 yaktaurs
  6 komodo dragons
  2 trolls
  3 meliai (D:14)
  A tarantella (Vaults:2)
  6 blink frogs
  10 tyrant leeches
  16 slime creatures
  6 polar bears
  11 hornets
  2 dream sheep (D:9)
  Prince Ribbit (D:7)
  A shadow (D:11)
  5 wraiths
  11 spriggans
  2 vampires
  A basilisk (Lair:2)
  4 wyverns
  75 yaks
  16 humans (D:12)
  11 vampire mosquitoes
  2 redbacks (Vaults:2)
  2 steam dragons
  5 wargs
  20 nagas
  17 swamp worms
  18 water moccasins
  54 orc warriors
  8 swamp drakes (Swamp:4)
  7 black bears
  11 ice beasts
  2 sky beasts
  19 ogres
  9 wolves
  A boggart (Vaults:1)
  7 centaurs
  5 phantoms
  8 kobold brigands
  10 scorpions
  11 bullfrogs
  2 necrophages (D:5)
  9 wights (D:9)
  6 killer bees (D:9)
  8 howler monkeys
  4 electric eels
  2 bullfrog zombies (D:5)
  2 centaur zombies (D:5)
  7 hounds
  9 jellies
  34 orc priests
  A centaur skeleton (D:5)
  3 iron imps (D:9)
  4 iguanas
  4 scorpion zombies (D:5)
  18 orc wizards
  4 hell rats (Lair:2)
  A hound skeleton (D:5)
  A howler monkey zombie (D:5)
  A howler monkey skeleton (D:5)
  15 adders
  12 gnolls
  5 river rats (Sewer)
  2 shadow imps
  4 white imps
  2 ufetubi
  2 worms
  6 dart slugs
  113 orcs
  23 ball pythons
  10 endoplasms
  2 giant cockroaches
  7 goblins
  3 hobgoblins
  3 jackals (D:1)
  9 quokkas
  5 bats
  7 frilled lizards
  25 kobolds
  34 rats
  7 briar patches
  A fungus (Lair:5)
1196 creatures vanquished.

Vanquished Creatures (collateral kills)
  A giant cockroach (D:3)
1 creature vanquished.

Vanquished Creatures (others)
  A bloated husk (Swamp:1)
  A briar patch (Swamp:2)
  6 foxfires (Swamp:2)
  35 fungi
  108 plants
  12 toadstools (Swamp:3)
  5 withered plants (D:5)
168 creatures vanquished.

Grand Total: 1365 creatures vanquished

Notes
Turn   | Place    | Note
-------+----------+-------------------------------------------
     0 | D:1      | qw the Gargoyle Fighter began the quest for the Orb.
     0 | D:1      | Reached XP level 1. HP: 14/14 MP: 1/1
     0 | D:1      | 0 ||| qw: Version: 0.2-a-13-gfc7b4b4
     0 | D:1      | 0 ||| qw: Game counter: 1928
     0 | D:1      | 0 ||| qw: Always use a shield: true
     0 | D:1      | 0 ||| qw: God list: Okawaru
     0 | D:1      | 0 ||| qw: Allow faded altars: false
     0 | D:1      | 0 ||| qw: Do Orc after D:15 true
     0 | D:1      | 0 ||| qw: Do second Lair branch before Depths: true
     0 | D:1      | 0 ||| qw: Lair rune preference: random
     0 | D:1      | 0 ||| qw: Plans: Normal, Zot:1-4, God:TSO, Crypt, Tomb,
                  | Pan, Slime:5, Hells, Abyss, Orb
     0 | D:1      | 0 ||| PLANNING D:1-11
    54 | D:1      | 54 ||| Stepping ~*~*~tactically~*~*~ (hiding).
    63 | D:1      | Reached skill level 2 in Axes
   125 | D:1      | 125 ||| Stepping ~*~*~tactically~*~*~ (hiding).
   137 | D:1      | Reached XP level 2. HP: 19/19 MP: 2/2
   232 | D:1      | 232 ||| Stepping ~*~*~tactically~*~*~ (stealth).
   234 | D:1      | 234 ||| Stepping ~*~*~tactically~*~*~ (stealth).
   236 | D:1      | 236 ||| Stepping ~*~*~tactically~*~*~ (stealth).
   462 | D:1      | Reached skill level 3 in Axes
   464 | D:1      | 464 ||| Stepping ~*~*~tactically~*~*~ (stealth).
   476 | D:1      | Reached XP level 3. HP: 20/23 MP: 3/3
   911 | D:1      | 911 ||| READING scroll labelled BIOGGU WUSTIDO.
   912 | D:1      | 912 ||| READING 2 scrolls labelled SEHOXZAHYO.
   913 | D:1      | 913 ||| READING scroll labelled VASKUJYDUH.
   914 | D:1      | 914 ||| READING 3 scrolls labelled CIRUGA FOORACE.
   915 | D:1      | 915 ||| DRINKING 3 grey potions.
   916 | D:1      | 916 ||| DROPPING scroll of vulnerability.
   917 | D:1      | 917 ||| DROPPING 2 scrolls of fear.
  1118 | D:2      | 1118 ||| Stepping ~*~*~tactically~*~*~ (stealth).
  1216 | D:2      | Reached XP level 4. HP: 28/28 MP: 4/4
  1260 | D:2      | 1260 ||| Stepping ~*~*~tactically~*~*~ (hiding).
  1261 | D:2      | 1261 ||| Stepping ~*~*~tactically~*~*~ (hiding).
  1262 | D:2      | 1262 ||| Stepping ~*~*~tactically~*~*~ (hiding).
  1585 | D:2      | Reached skill level 4 in Axes
  1675 | D:2      | 1675 ||| DROPPING +0 whip.
  1882 | D:2      | 1882 ||| READING scroll labelled FUWUMNUUFAFF.
  1883 | D:2      | 1883 ||| READING scroll labelled REUDIFF GOIVU.
  1912 | D:3      | 1912 ||| PLANNING SEWER
  1982 | D:3      | 1982 ||| Stepping ~*~*~tactically~*~*~ (stealth).
  1983 | D:3      | 1983 ||| FLEEEEING.
  2000 | D:3      | 2000 ||| Stepping ~*~*~tactically~*~*~ (stealth).
  2002 | D:3      | 2002 ||| Stepping ~*~*~tactically~*~*~ (stealth).
  2060 | D:3      | Found a transporter.
  2060 | D:3      | Noticed qw's ghost (amateur GrFi)
  2063 | D:3      | Noticed a water moccasin
  2067 | D:3      | 2067 ||| Stepping ~*~*~tactically~*~*~ (stealth).
  2080 | D:3      | HP: 5/28 [gnoll/+0 club (4)]
  2081 | D:3      | 2081 ||| DRINKING 2 potions of heal wounds.
  2084 | D:3      | Reached XP level 5. HP: 29/32 MP: 5/5
  2122 | D:3      | Found a transporter.
  2147 | D:3      | 2147 ||| Stepping ~*~*~tactically~*~*~ (stealth).
  2433 | D:3      | Reached skill level 5 in Axes
  2433 | D:3      | Found a glowing drain.
  2472 | D:3      | 2472 ||| READING scroll labelled NOSSOLI GEIFOI.
  2473 | D:3      | 2473 ||| READING scroll labelled IJA OS ZOHO.
  2474 | D:3      | 2474 ||| READING scroll labelled VOEVUS ESIHU.
  2475 | D:3      | 2475 ||| DRINKING 2 black potions.
  2476 | D:3      | 2476 ||| DROPPING potion of brilliance.
  2484 | Sewer    | Entered a sewer
  2540 | Sewer    | 2540 ||| Stepping ~*~*~tactically~*~*~ (water).
  2564 | Sewer    | 2564 ||| Stepping ~*~*~tactically~*~*~ (stealth).
  2590 | Sewer    | 2590 ||| Stepping ~*~*~tactically~*~*~ (stealth).
  2596 | Sewer    | 2596 ||| Stepping ~*~*~tactically~*~*~ (stealth).
  2660 | Sewer    | 2660 ||| Stepping ~*~*~tactically~*~*~ (stealth).
  2701 | Sewer    | Reached XP level 6. HP: 37/38 MP: 6/6
  2748 | Sewer    | Reached skill level 1 in Dodging
  2793 | Sewer    | 2793 ||| Stepping ~*~*~tactically~*~*~ (stealth).
  2816 | Sewer    | 2816 ||| Stepping ~*~*~tactically~*~*~ (stealth).
  2817 | Sewer    | 2817 ||| Stepping ~*~*~tactically~*~*~ (stealth).
  2820 | Sewer    | 2820 ||| Stepping ~*~*~tactically~*~*~ (stealth).
  2970 | Sewer    | 2970 ||| READING scroll labelled YXEKUO ICAECE.
  2995 | D:3      | 2995 ||| PLANNING D:1-11
  3208 | D:3      | 3208 ||| Stepping ~*~*~tactically~*~*~ (stealth).
  3318 | D:3      | Reached skill level 6 in Axes
  3451 | D:3      | 3451 ||| READING scroll labelled WUD PAFIEMISM.
  3514 | D:4      | Reached XP level 7. HP: 38/43 MP: 7/7
  3627 | D:4      | 3627 ||| DRINKING 3 purple potions.
  3639 | D:4      | Identified the +10 shortbow "Neaczepe" {flame, rCorr Int-3
                  | Dex+3 SInv}
  3640 | D:4      | 3640 ||| Stepping ~*~*~tactically~*~*~ (stealth).
  3642 | D:4      | 3642 ||| Stepping ~*~*~tactically~*~*~ (hiding).
  3667 | D:4      | Reached skill level 7 in Axes
  3884 | D:4      | Found an ornate altar of the Wu Jian Council.
  3948 | D:4      | 3948 ||| Stepping ~*~*~tactically~*~*~ (stealth).
  3951 | D:4      | 3951 ||| Stepping ~*~*~tactically~*~*~ (stealth).
  3962 | D:4      | Reached skill level 1 in Throwing
  3962 | D:4      | Reached XP level 8. HP: 49/49 MP: 8/8
  3968 | D:4      | 3968 ||| Stepping ~*~*~tactically~*~*~ (stealth).
  3971 | D:4      | 3971 ||| Stepping ~*~*~tactically~*~*~ (hiding).
  3973 | D:4      | 3973 ||| Stepping ~*~*~tactically~*~*~ (hiding).
  3978 | D:4      | 3978 ||| Stepping ~*~*~tactically~*~*~ (stealth).
  3979 | D:4      | 3979 ||| Stepping ~*~*~tactically~*~*~ (hiding).
  3980 | D:4      | 3980 ||| Stepping ~*~*~tactically~*~*~ (hiding).
  3998 | D:4      | 3998 ||| Stepping ~*~*~tactically~*~*~ (stealth).
  4036 | D:4      | Found an iron altar of Okawaru.
  4037 | D:4      | 4037 ||| PLANNING OKAWARU WORSHIP
  4037 | D:4      | 4037 ||| UPGRADING to +0 chain mail.
  4047 | D:4      | 4047 ||| DROPPING +0 scale mail.
  4048 | D:4      | 4048 ||| READING 2 scrolls of identify.
  4048 | D:4      | 4048 ||| IDENTIFYING fizzy orange potion
  4055 | D:4      | Became a worshipper of Warmaster Okawaru
  4056 | D:4      | 4056 ||| PLANNING D:1-11
  4149 | D:4      | 4149 ||| Stepping ~*~*~tactically~*~*~ (hiding).
  4158 | D:4      | 4158 ||| DRINKING potion of curing.
  4158 | D:4      | 4158 ||| (to cure confusion)
  4218 | D:4      | 4218 ||| FLEEEEING.
  4261 | D:4      | 4261 ||| Stepping ~*~*~tactically~*~*~ (hiding).
  4616 | D:4      | 4616 ||| DROPPING amulet of faith.
  4617 | D:4      | 4617 ||| DROPPING +6 ring of intelligence.
  4618 | D:4      | 4618 ||| READING scroll labelled SOEQYA EMMIEVI.
  4635 | D:5      | Entered Level 5 of the Dungeon
  4636 | D:5      | 4636 ||| STAIRDANCE
  4741 | D:5      | 4741 ||| STAIRDANCE
  4769 | D:5      | 4769 ||| STAIRDANCE
  4782 | D:4      | Reached skill level 8 in Axes
  4799 | D:5      | 4799 ||| STAIRDANCE
  4936 | D:5      | 4936 ||| Stepping ~*~*~tactically~*~*~ (stealth).
  4937 | D:5      | 4937 ||| Stepping ~*~*~tactically~*~*~ (stealth).
  4944 | D:5      | Found a snail-covered altar of Cheibriados.
  4991 | D:5      | Found a staircase to the Ecumenical Temple.
  4996 | D:5      | 4996 ||| Stepping ~*~*~tactically~*~*~ (stealth).
  5004 | D:5      | Reached skill level 6 in Fighting
  5018 | D:5      | Reached * piety under Okawaru
  5039 | D:5      | 5039 ||| Stepping ~*~*~tactically~*~*~ (stealth).
  5044 | D:5      | 5044 ||| Stepping ~*~*~tactically~*~*~ (stealth).
  5049 | D:5      | Reached skill level 1 in Invocations
  5090 | D:5      | 5090 ||| INVOKING Heroism.
  5091 | D:5      | 5091 ||| INVOKING Heroism.
  5182 | D:5      | Reached skill level 3 in Invocations
  5182 | D:5      | Reached XP level 9. HP: 52/55 MP: 11/11
  5209 | D:5      | 5209 ||| INVOKING Heroism.
  5230 | D:5      | 5230 ||| INVOKING Heroism.
  5268 | D:5      | Reached skill level 9 in Axes
  5286 | D:5      | 5286 ||| INVOKING Heroism.
  5309 | D:5      | 5309 ||| Stepping ~*~*~tactically~*~*~ (stealth).
  5311 | D:5      | 5311 ||| Stepping ~*~*~tactically~*~*~ (stealth).
  5312 | D:5      | 5312 ||| INVOKING Heroism.
  5313 | D:5      | 5313 ||| Stepping ~*~*~tactically~*~*~ (stealth).
  5327 | D:5      | Reached ** piety under Okawaru
  5435 | D:5      | 5435 ||| Stepping ~*~*~tactically~*~*~ (stealth).
  5436 | D:5      | 5436 ||| Stepping ~*~*~tactically~*~*~ (stealth).
  5866 | D:5      | 5866 ||| UPGRADING to amulet of reflection.
  5871 | D:5      | 5871 ||| READING scroll labelled XUCOMN MOCLUIHOLL.
  5972 | D:6      | 5972 ||| Stepping ~*~*~tactically~*~*~ (cloud).
  5973 | D:6      | 5973 ||| INVOKING Heroism.
  6207 | D:6      | 6207 ||| Stepping ~*~*~tactically~*~*~ (stealth).
  6510 | D:6      | Found an opulent altar of Gozag.
  6511 | D:6      | 6511 ||| INVOKING Heroism.
  6517 | D:6      | Reached skill level 10 in Axes
  6554 | D:6      | Reached *** piety under Okawaru
  6557 | D:6      | Reached XP level 10. HP: 61/63 MP: 13/13
  6876 | D:6      | 6876 ||| UPGRADING to ring of see invisible.
  6877 | D:6      | 6877 ||| DRINKING 2 fizzy inky potions.
  6978 | D:6      | 6978 ||| DROPPING potion of ambrosia.
  7045 | D:7      | 7045 ||| Stepping ~*~*~tactically~*~*~ (hiding).
  7057 | D:7      | 7057 ||| READING scroll of enchant weapon.
  7057 | D:7      | 7057 ||| ENCHANTING +1 war axe of draining.
  7137 | D:7      | Found Ceykirph's General Store.
  7143 | D:7      | 7143 ||| Stepping ~*~*~tactically~*~*~ (stealth).
  7150 | D:7      | 7150 ||| Stepping ~*~*~tactically~*~*~ (stealth).
  7154 | D:7      | 7154 ||| INVOKING Heroism.
  7273 | D:7      | 7273 ||| SHOPLISTING +4 chain mail of cold resistance (504
                  | gold, have 381).
  7274 | D:7      | Noticed Prince Ribbit
  7277 | D:7      | 7277 ||| Stepping ~*~*~tactically~*~*~ (hiding).
  7278 | D:7      | 7278 ||| Stepping ~*~*~tactically~*~*~ (hiding).
  7281 | D:7      | 7281 ||| Stepping ~*~*~tactically~*~*~ (hiding).
  7301 | D:7      | 7301 ||| INVOKING Heroism.
  7305 | D:7      | Killed Prince Ribbit
  7523 | D:7      | 7523 ||| INVOKING Heroism.
  7703 | D:7      | 7703 ||| Stepping ~*~*~tactically~*~*~ (hiding).
  7706 | D:7      | 7706 ||| INVOKING Heroism.
  7796 | D:7      | Identified the +2 war axe of Ravage {flame, Drain rC+++
                  | Dex+8}
  7798 | D:7      | 7798 ||| SWAPPING to +2 war axe of Ravage {flame, Drain
                  | rC+++ Dex+8}.
  7799 | D:7      | 7799 ||| DROPPING +0 flail of draining.
  7800 | D:7      | 7800 ||| DROPPING +2 war axe of draining.
  7867 | D:7      | 7867 ||| Stepping ~*~*~tactically~*~*~ (hiding).
  8011 | D:7      | 8011 ||| UPGRADING to +0 pair of boots.
  8016 | D:7      | 8016 ||| UPGRADING to +0 helmet.
  8021 | D:7      | 8021 ||| UPGRADING to +0 plate armour.
  8031 | D:7      | 8031 ||| DROPPING +0 chain mail.
  8032 | D:7      | 8032 ||| DRINKING 4 lumpy red potions.
  8033 | D:7      | 8033 ||| DRINKING 2 green potions.
  8034 | D:7      | 8034 ||| DROPPING 3 potions of degeneration.
  8053 | D:8      | 8053 ||| STAIRDANCE
  8066 | D:8      | 8066 ||| STAIRDANCE
  8074 | D:8      | 8074 ||| STAIRDANCE
  8078 | D:8      | Noticed a two-headed ogre
  8079 | D:8      | 8079 ||| Stepping ~*~*~tactically~*~*~ (hiding).
  8080 | D:8      | 8080 ||| INVOKING Heroism.
  8082 | D:8      | 8082 ||| STAIRDANCE
  8087 | D:7      | Killed a two-headed ogre
  8129 | D:8      | 8129 ||| Stepping ~*~*~tactically~*~*~ (hiding).
  8134 | D:8      | 8134 ||| INVOKING Heroism.
  8221 | D:8      | 8221 ||| INVOKING Heroism.
  8226 | D:8      | Reached skill level 6 in Armour
  8242 | D:8      | Reached **** piety under Okawaru
  8342 | D:8      | Found an ancient bone altar of Kikubaaqudgha.
  8342 | D:8      | Found a broken altar of Ashenzari.
  8363 | D:8      | 8363 ||| Stepping ~*~*~tactically~*~*~ (hiding).
  8365 | D:8      | 8365 ||| Stepping ~*~*~tactically~*~*~ (hiding).
  8367 | D:8      | 8367 ||| INVOKING Heroism.
  8613 | D:8      | Found a bloodstained altar of Trog.
  8649 | D:8      | Found a white marble altar of Elyvilon.
  8741 | D:8      | 8741 ||| DRINKING 2 clear potions.
  8742 | D:8      | 8742 ||| READING 2 scrolls of identify.
  8742 | D:8      | 8742 ||| IDENTIFYING pink potion
  8743 | D:8      | 8743 ||| DROPPING potion of invisibility.
  8803 | D:9      | Found a stormy altar of Qazlal.
  8846 | D:9      | Reached skill level 11 in Axes
  8866 | D:9      | Reached XP level 11. HP: 62/68 MP: 14/14
  8992 | D:9      | 8992 ||| Stepping ~*~*~tactically~*~*~ (hiding).
  8993 | D:9      | 8993 ||| Stepping ~*~*~tactically~*~*~ (hiding).
  8997 | D:9      | 8997 ||| INVOKING Heroism.
  9049 | D:9      | 9049 ||| Stepping ~*~*~tactically~*~*~ (stealth).
  9050 | D:9      | 9050 ||| Stepping ~*~*~tactically~*~*~ (stealth).
  9051 | D:9      | 9051 ||| Stepping ~*~*~tactically~*~*~ (stealth).
  9060 | D:9      | Reached skill level 3 in Dodging
  9101 | D:9      | 9101 ||| READING scroll of enchant armour.
  9101 | D:9      | 9101 ||| ENCHANTING +0 helmet.
  9240 | D:9      | Reached skill level 6 in Invocations
  9253 | D:9      | 9253 ||| INVOKING Heroism.
  9278 | D:9      | Found a staircase to the Lair.
  9300 | D:9      | Reached ***** piety under Okawaru
  9419 | D:9      | 9419 ||| Stepping ~*~*~tactically~*~*~ (stealth).
  9421 | D:9      | 9421 ||| Stepping ~*~*~tactically~*~*~ (stealth).
  9425 | D:9      | 9425 ||| INVOKING Heroism.
  9432 | D:9      | Received a gift from Okawaru
  9700 | D:9      | 9700 ||| Stepping ~*~*~tactically~*~*~ (stealth).
  9704 | D:9      | Reached skill level 9 in Fighting
  9766 | D:9      | Noticed a three-headed hydra
  9767 | D:9      | 9767 ||| INVOKING Heroism.
  9772 | D:9      | Killed a one-headed hydra
  9927 | D:9      | Found a burning altar of Makhleb.
 10084 | D:9      | 10084 ||| READING 5 scrolls of identify.
 10084 | D:9      | 10084 ||| IDENTIFYING dark potion
 10085 | D:9      | 10085 ||| READING 4 scrolls of identify.
 10085 | D:9      | 10085 ||| IDENTIFYING fuming emerald potion
 10086 | D:9      | 10086 ||| READING 3 scrolls of identify.
 10086 | D:9      | 10086 ||| IDENTIFYING fizzy emerald potion
 10087 | D:9      | 10087 ||| DROPPING potion of flight.
 10167 | D:10     | Entered Level 10 of the Dungeon
 10167 | D:10     | Noticed a cyclops
 10167 | D:10     | Found a blossoming altar of Fedhas.
 10168 | D:10     | 10168 ||| PLANNING LAIR
 10168 | D:10     | 10168 ||| INVOKING Heroism.
 10179 | D:10     | Killed a cyclops
 10225 | Lair:1   | Entered Level 1 of the Lair of Beasts
 10266 | Lair:1   | 10266 ||| INVOKING Heroism.
 10375 | Lair:1   | 10375 ||| INVOKING Heroism.
 10483 | Lair:1   | 10483 ||| INVOKING Heroism.
 10528 | Lair:1   | Found a large runed translucent door.
 10528 | Lair:1   | Found a large runed translucent door.
 10531 | Lair:1   | Noticed qw's ghost (journeyman GrFi)
 10660 | Lair:1   | 10660 ||| Stepping ~*~*~tactically~*~*~ (stealth).
 10664 | Lair:1   | 10664 ||| Stepping ~*~*~tactically~*~*~ (stealth).
 10669 | Lair:1   | 10669 ||| Stepping ~*~*~tactically~*~*~ (stealth).
 10673 | Lair:1   | 10673 ||| INVOKING Heroism.
 10683 | Lair:1   | Reached skill level 9 in Invocations
 10686 | Lair:1   | Reached XP level 12. HP: 61/76 MP: 16/18
 10796 | Lair:1   | 10796 ||| INVOKING Heroism.
 10802 | Lair:1   | Identified the +0 pair of gloves of Zouvogha {Drain rC+++
                  | Int+4 SInv} (Okawaru gifted it to you on level 1 of the
                  | Lair of Beasts)
 10802 | Lair:1   | Received a gift from Okawaru
 11068 | Lair:1   | Found a white marble altar of Elyvilon.
 11069 | Lair:1   | 11069 ||| Stepping ~*~*~tactically~*~*~ (stealth).
 11079 | Lair:1   | 11079 ||| INVOKING Heroism.
 11195 | Lair:1   | 11195 ||| UPGRADING to +0 pair of gloves of Zouvogha {Drain
                  | rC+++ Int+4 SInv}.
 11200 | Lair:1   | 11200 ||| REMOVING ring of see invisible.
 11201 | Lair:1   | 11201 ||| READING scroll labelled WEVVEZU CAGIAM.
 11216 | Lair:2   | 11216 ||| INVOKING Heroism.
 11245 | Lair:2   | 11245 ||| Stepping ~*~*~tactically~*~*~ (stealth).
 11261 | Lair:2   | Reached skill level 12 in Axes
 11268 | Lair:2   | 11268 ||| INVOKING Heroism.
 11300 | Lair:2   | Reached skill level 9 in Armour
 11415 | Lair:2   | Found a staircase to the Snake Pit.
 11415 | Lair:2   | Noticed Erica
 11416 | Lair:2   | 11416 ||| Stepping ~*~*~tactically~*~*~ (stealth).
 11423 | Lair:2   | 11423 ||| INVOKING Heroism.
 11424 | Lair:2   | 11424 ||| INVOKING Finesse.
 11432 | Lair:2   | Killed Erica
 11433 | Lair:2   | Reached skill level 6 in Shields
 11676 | Lair:2   | 11676 ||| Stepping ~*~*~tactically~*~*~ (stealth).
 11677 | Lair:2   | 11677 ||| Stepping ~*~*~tactically~*~*~ (stealth).
 11678 | Lair:2   | 11678 ||| Stepping ~*~*~tactically~*~*~ (stealth).
 11686 | Lair:2   | 11686 ||| Stepping ~*~*~tactically~*~*~ (stealth).
 11698 | Lair:2   | 11698 ||| INVOKING Heroism.
 11708 | Lair:2   | HP: 16/76 [komodo dragon (15)]
 11709 | Lair:2   | 11709 ||| READING 6 scrolls of teleportation.
 11710 | Lair:2   | 11710 ||| DRINKING 2 potions of heal wounds.
 11725 | Lair:2   | 11725 ||| Stepping ~*~*~tactically~*~*~ (stealth).
 11742 | Lair:2   | 11742 ||| INVOKING Heroism.
 11742 | Lair:2   | HP: 19/77 [komodo dragon (5)]
 11743 | Lair:2   | 11743 ||| READING 5 scrolls of teleportation.
 11744 | Lair:2   | 11744 ||| DRINKING potion of heal wounds.
 11987 | Lair:2   | 11987 ||| INVOKING Heroism.
 12075 | Lair:2   | 12075 ||| INVOKING Heroism.
 12097 | Lair:2   | 12097 ||| Stepping ~*~*~tactically~*~*~ (stealth).
 12098 | Lair:2   | 12098 ||| Stepping ~*~*~tactically~*~*~ (stealth).
 12343 | Lair:2   | Found a staircase to the Swamp.
 12567 | Lair:2   | 12567 ||| READING 3 scrolls of identify.
 12567 | Lair:2   | 12567 ||| IDENTIFYING glowing clear potion
 12568 | Lair:2   | 12568 ||| DROPPING potion of berserk rage.
 12591 | Lair:3   | Found a runed translucent door.
 12592 | Lair:3   | 12592 ||| STAIRDANCE
 12599 | Lair:2   | Received a gift from Okawaru
 12603 | Lair:3   | 12603 ||| STAIRDANCE
 12605 | Lair:2   | 12605 ||| INVOKING Heroism.
 12631 | Lair:3   | 12631 ||| STAIRDANCE
 12654 | Lair:3   | 12654 ||| INVOKING Heroism.
 12655 | Lair:3   | 12655 ||| STAIRDANCE
 12659 | Lair:2   | Reached skill level 3 in Throwing
 12694 | Lair:3   | 12694 ||| INVOKING Heroism.
 12695 | Lair:3   | Received a gift from Okawaru
 12735 | Lair:3   | Identified the +3 leather armour of the Eternal Void {rElec
                  | Dex+7}
 12805 | Lair:3   | Found a dark tunnel.
 12835 | Lair:3   | 12835 ||| INVOKING Heroism.
 12850 | Lair:3   | Noticed a death yak
 12851 | Lair:3   | 12851 ||| INVOKING Finesse.
 12864 | Lair:3   | Killed a death yak
 12865 | Lair:3   | Reached skill level 13 in Axes
 12865 | Lair:3   | Reached XP level 13. HP: 67/82 MP: 15/20
 12869 | Lair:3   | 12869 ||| INVOKING Heroism.
 13261 | Lair:3   | Reached skill level 14 in Axes
 13323 | Lair:3   | Noticed qw's ghost (journeyman GrFi)
 13324 | Lair:3   | 13324 ||| UPGRADING to +1 cloak of stealth.
 13399 | Lair:4   | 13399 ||| INVOKING Heroism.
 13485 | Lair:4   | 13485 ||| INVOKING Heroism.
 13488 | Lair:4   | 13488 ||| INVOKING Finesse.
 13512 | Lair:4   | 13512 ||| Stepping ~*~*~tactically~*~*~ (stealth).
 13528 | Lair:4   | 13528 ||| Stepping ~*~*~tactically~*~*~ (stealth).
 13529 | Lair:4   | 13529 ||| Stepping ~*~*~tactically~*~*~ (stealth).
 13539 | Lair:4   | 13539 ||| Stepping ~*~*~tactically~*~*~ (stealth).
 13554 | Lair:4   | 13554 ||| Stepping ~*~*~tactically~*~*~ (stealth).
 13555 | Lair:4   | 13555 ||| Stepping ~*~*~tactically~*~*~ (stealth).
 13669 | Lair:4   | 13669 ||| INVOKING Heroism.
 13778 | Lair:4   | 13778 ||| INVOKING Heroism.
 13861 | Lair:4   | 13861 ||| READING scroll of enchant armour.
 13861 | Lair:4   | 13861 ||| ENCHANTING +1 helmet.
 14014 | Lair:4   | You fall into a shaft and drop 1 floor!
 14014 | Lair:5   | Entered Level 5 of the Lair of Beasts
 14014 | Lair:5   | Found a viscous altar of Jiyva.
 14021 | Lair:5   | 14021 ||| Stepping ~*~*~tactically~*~*~ (stealth).
 14022 | Lair:5   | 14022 ||| Stepping ~*~*~tactically~*~*~ (stealth).
 14023 | Lair:5   | 14023 ||| Stepping ~*~*~tactically~*~*~ (stealth).
 14023 | Lair:5   | Found a staircase to the Slime Pits.
 14038 | Lair:5   | 14038 ||| FLEEEEING.
 14042 | Lair:5   | 14042 ||| FLEEEEING.
 14043 | Lair:5   | 14043 ||| FLEEEEING.
 14044 | Lair:5   | 14044 ||| STAIRDANCE
 14298 | Lair:4   | 14298 ||| UPGRADING to +4 plate armour.
 14308 | Lair:4   | 14308 ||| DROPPING +0 plate armour.
 14309 | Lair:4   | 14309 ||| READING scroll labelled VABAAGAMAC.
 14310 | Lair:4   | 14310 ||| READING scroll labelled VYAWEE LOMIN.
 14380 | Lair:5   | 14380 ||| INVOKING Heroism.
 14385 | Lair:5   | 14385 ||| STAIRDANCE
 14434 | Lair:5   | 14434 ||| INVOKING Heroism.
 14435 | Lair:5   | Received a gift from Okawaru
 14485 | Lair:5   | 14485 ||| INVOKING Heroism.
 14722 | Lair:5   | 14722 ||| Stepping ~*~*~tactically~*~*~ (stealth).
 14724 | Lair:5   | 14724 ||| Stepping ~*~*~tactically~*~*~ (stealth).
 14733 | Lair:5   | 14733 ||| Stepping ~*~*~tactically~*~*~ (stealth).
 14744 | Lair:5   | 14744 ||| Stepping ~*~*~tactically~*~*~ (stealth).
 14764 | Lair:5   | Reached ****** piety under Okawaru
 14765 | Lair:5   | Gained mutation: Your large and strong wings let you fly.
                  | [Gargoyle growth]
 14765 | Lair:5   | Reached XP level 14. HP: 82/90 MP: 21/21
 14796 | Lair:5   | 14796 ||| Stepping ~*~*~tactically~*~*~ (stealth).
 14847 | Lair:5   | 14847 ||| Stepping ~*~*~tactically~*~*~ (hiding).
 14848 | Lair:5   | 14848 ||| INVOKING Heroism.
 14849 | Lair:5   | 14849 ||| INVOKING Finesse.
 14880 | Lair:5   | 14880 ||| Stepping ~*~*~tactically~*~*~ (stealth).
 14906 | Lair:5   | 14906 ||| INVOKING Finesse.
 14917 | Lair:5   | 14917 ||| INVOKING Heroism.
 14949 | Lair:5   | 14949 ||| Stepping ~*~*~tactically~*~*~ (stealth).
 15098 | Lair:5   | 15098 ||| Stepping ~*~*~tactically~*~*~ (stealth).
 15110 | Lair:5   | 15110 ||| INVOKING Heroism.
 15122 | Lair:5   | 15122 ||| Stepping ~*~*~tactically~*~*~ (stealth).
 15270 | Lair:5   | Reached skill level 15 in Axes
 15544 | Lair:5   | 15544 ||| PLANNING D:1-11
 15544 | Lair:5   | 15544 ||| READING 5 scrolls of identify.
 15544 | Lair:5   | 15544 ||| IDENTIFYING white potion
 15545 | Lair:5   | 15545 ||| READING 4 scrolls of identify.
 15545 | Lair:5   | 15545 ||| IDENTIFYING fuming grey potion
 15725 | D:10     | Found Zin's Purification Station.
 15729 | D:10     | Found a glowing silver altar of Zin.
 15734 | D:10     | 15734 ||| BUYING potion of curing (90 gold).
 15734 | D:10     | Bought a potion of curing for 90 gold pieces
 15826 | D:10     | 15826 ||| Stepping ~*~*~tactically~*~*~ (stealth).
 15829 | D:10     | 15829 ||| Stepping ~*~*~tactically~*~*~ (stealth).
 15980 | D:10     | 15980 ||| INVOKING Heroism.
 16081 | D:10     | Found a radiant altar of Vehumet.
 16143 | D:10     | Found a staircase to the Orcish Mines.
 16489 | D:11     | Received a gift from Okawaru
 16497 | D:11     | 16497 ||| INVOKING Heroism.
 16498 | D:11     | 16498 ||| INVOKING Finesse.
 16618 | D:11     | 16618 ||| INVOKING Heroism.
 16683 | D:11     | 16683 ||| Stepping ~*~*~tactically~*~*~ (stealth).
 16701 | D:11     | 16701 ||| READING scroll of enchant armour.
 16701 | D:11     | 16701 ||| ENCHANTING +0 pair of boots.
 17197 | D:11     | 17197 ||| INVOKING Heroism.
 17207 | D:11     | Reached skill level 12 in Fighting
 17363 | D:11     | 17363 ||| PLANNING D
 17363 | D:11     | 17363 ||| UPGRADING to ring of willpower.
 17439 | D:12     | 17439 ||| Stepping ~*~*~tactically~*~*~ (stealth).
 17441 | D:12     | 17441 ||| INVOKING Heroism.
 17442 | D:12     | 17442 ||| Stepping ~*~*~tactically~*~*~ (stealth).
 17464 | D:12     | Received a gift from Okawaru
 17483 | D:12     | 17483 ||| SWAPPING to +3 broad axe of flaming.
 17484 | D:12     | 17484 ||| READING 4 scrolls of enchant weapon.
 17484 | D:12     | 17484 ||| ENCHANTING +3 broad axe of flaming.
 17485 | D:12     | 17485 ||| READING 3 scrolls of enchant weapon.
 17485 | D:12     | 17485 ||| ENCHANTING +4 broad axe of flaming.
 17486 | D:12     | 17486 ||| READING 2 scrolls of enchant weapon.
 17486 | D:12     | 17486 ||| ENCHANTING +5 broad axe of flaming.
 17487 | D:12     | 17487 ||| READING scroll of enchant weapon.
 17487 | D:12     | 17487 ||| ENCHANTING +6 broad axe of flaming.
 17498 | D:12     | 17498 ||| Stepping ~*~*~tactically~*~*~ (stealth).
 17499 | D:12     | 17499 ||| Stepping ~*~*~tactically~*~*~ (stealth).
 17500 | D:12     | 17500 ||| Stepping ~*~*~tactically~*~*~ (stealth).
 17501 | D:12     | 17501 ||| Stepping ~*~*~tactically~*~*~ (stealth).
 17502 | D:12     | 17502 ||| Stepping ~*~*~tactically~*~*~ (stealth).
 17506 | D:12     | 17506 ||| Stepping ~*~*~tactically~*~*~ (stealth).
 17510 | D:12     | 17510 ||| INVOKING Heroism.
 17528 | D:12     | 17528 ||| Stepping ~*~*~tactically~*~*~ (stealth).
 17559 | D:12     | 17559 ||| INVOKING Heroism.
 17560 | D:12     | 17560 ||| INVOKING Finesse.
 17697 | D:12     | 17697 ||| INVOKING Heroism.
 17698 | D:12     | 17698 ||| INVOKING Finesse.
 17702 | D:12     | 17702 ||| Stepping randomly (cloudy).
 17703 | D:12     | 17703 ||| Stepping randomly (cloudy).
 17822 | D:12     | 17822 ||| READING scroll of enchant armour.
 17822 | D:12     | 17822 ||| ENCHANTING +1 pair of boots.
 17823 | D:12     | Identified the +3 ring mail of a wizard's laboratory
                  | {Int+2}
 17944 | D:12     | Reached skill level 12 in Armour
 17997 | D:12     | Noticed Nessos
 17998 | D:12     | 17998 ||| INVOKING Finesse.
 18006 | D:12     | Killed Nessos
 18097 | D:12     | 18097 ||| Stepping ~*~*~tactically~*~*~ (hiding).
 18100 | D:12     | 18100 ||| INVOKING Heroism.
 18108 | D:12     | 18108 ||| Stepping ~*~*~tactically~*~*~ (stealth).
 18262 | D:12     | 18262 ||| READING scroll of enchant weapon.
 18262 | D:12     | 18262 ||| ENCHANTING +7 broad axe of flaming.
 18326 | D:12     | Noticed Frances
 18327 | D:12     | 18327 ||| INVOKING Heroism.
 18328 | D:12     | 18328 ||| INVOKING Finesse.
 18336 | D:12     | Killed Frances
 18431 | D:12     | 18431 ||| Stepping ~*~*~tactically~*~*~ (stealth).
 18432 | D:12     | 18432 ||| Stepping ~*~*~tactically~*~*~ (stealth).
 18440 | D:12     | Received a gift from Okawaru
 18617 | D:12     | 18617 ||| DROPPING +0 plate armour of poison resistance.
 18618 | D:12     | 18618 ||| UPGRADING to ring of willpower.
 18652 | D:13     | Noticed Urug
 18652 | D:13     | Noticed Rupert
 18652 | D:13     | Found a gate to the Vaults.
 18653 | D:13     | 18653 ||| INVOKING Heroism.
 18654 | D:13     | 18654 ||| STAIRDANCE
 18681 | D:13     | 18681 ||| STAIRDANCE
 18683 | D:12     | 18683 ||| INVOKING Heroism.
 18717 | D:13     | 18717 ||| STAIRDANCE
 18719 | D:12     | 18719 ||| INVOKING Heroism.
 18720 | D:12     | 18720 ||| INVOKING Finesse.
 18731 | D:12     | Killed Rupert
 18734 | D:12     | Received a gift from Okawaru
 18774 | D:13     | 18774 ||| STAIRDANCE
 18820 | D:13     | 18820 ||| INVOKING Heroism.
 18821 | D:13     | 18821 ||| INVOKING Finesse.
 18843 | D:13     | Killed Urug
 18844 | D:13     | Reached XP level 15. HP: 77/96 MP: 16/22
 18986 | D:13     | 18986 ||| INVOKING Heroism.
 19062 | D:13     | Reached skill level 16 in Axes
 19090 | D:13     | 19090 ||| INVOKING Heroism.
 19214 | D:13     | 19214 ||| Stepping ~*~*~tactically~*~*~ (stealth).
 19501 | D:14     | 19501 ||| Stepping ~*~*~tactically~*~*~ (hiding).
 19502 | D:14     | 19502 ||| INVOKING Heroism.
 19642 | D:14     | 19642 ||| Stepping ~*~*~tactically~*~*~ (hiding).
 19644 | D:14     | 19644 ||| Stepping ~*~*~tactically~*~*~ (hiding).
 19786 | D:14     | 19786 ||| Stepping ~*~*~tactically~*~*~ (hiding).
 19787 | D:14     | 19787 ||| Stepping ~*~*~tactically~*~*~ (hiding).
 19789 | D:14     | 19789 ||| Stepping ~*~*~tactically~*~*~ (hiding).
 19790 | D:14     | 19790 ||| Stepping ~*~*~tactically~*~*~ (hiding).
 19808 | D:14     | Found a snail-covered altar of Cheibriados.
 20127 | D:14     | 20127 ||| UPGRADING to +2 buckler.
 20137 | D:14     | 20137 ||| DROPPING +0 buckler.
 20138 | D:14     | 20138 ||| UPGRADING to ring of protection from fire.
 20140 | D:14     | 20140 ||| DROPPING ring of willpower.
 20141 | D:14     | 20141 ||| DROPPING ring of magical power.
 20142 | D:14     | 20142 ||| UPGRADING to +6 ring of dexterity.
 20172 | D:15     | Entered Level 15 of the Dungeon
 20187 | D:15     | 20187 ||| INVOKING Heroism.
 20212 | D:15     | Identified the +2 broad axe of Ajante {vorpal, rF- Will+
                  | rCorr Str+4} (Okawaru gifted it to you on level 15 of the
                  | Dungeon)
 20212 | D:15     | Received a gift from Okawaru
 20218 | D:15     | 20218 ||| Stepping ~*~*~tactically~*~*~ (stealth).
 20331 | D:15     | Found a staircase to the Depths.
 20332 | D:15     | 20332 ||| INVOKING Heroism.
 20453 | D:15     | 20453 ||| Stepping ~*~*~tactically~*~*~ (stealth).
 20454 | D:15     | 20454 ||| Stepping ~*~*~tactically~*~*~ (stealth).
 20455 | D:15     | 20455 ||| Stepping ~*~*~tactically~*~*~ (stealth).
 20458 | D:15     | 20458 ||| Stepping ~*~*~tactically~*~*~ (stealth).
 20462 | D:15     | 20462 ||| Stepping ~*~*~tactically~*~*~ (stealth).
 20465 | D:15     | 20465 ||| Stepping ~*~*~tactically~*~*~ (stealth).
 21225 | D:15     | 21225 ||| PLANNING ORC
 21225 | D:15     | 21225 ||| DROPPING amulet of the acrobat.
 21333 | Orc:1    | Entered Level 1 of the Orcish Mines
 21334 | Orc:1    | 21334 ||| INVOKING Heroism.
 21342 | Orc:1    | Reached skill level 17 in Axes
 21343 | Orc:1    | 21343 ||| Stepping ~*~*~tactically~*~*~ (hiding).
 21348 | Orc:1    | 21348 ||| Stepping ~*~*~tactically~*~*~ (hiding).
 21351 | Orc:1    | Received a gift from Okawaru
 21396 | Orc:1    | Found a bloodstained altar of Trog.
 21407 | Orc:1    | 21407 ||| Stepping ~*~*~tactically~*~*~ (stealth).
 21410 | Orc:1    | 21410 ||| Stepping ~*~*~tactically~*~*~ (stealth).
 21418 | Orc:1    | 21418 ||| Stepping ~*~*~tactically~*~*~ (stealth).
 21420 | Orc:1    | 21420 ||| INVOKING Heroism.
 21421 | Orc:1    | 21421 ||| Stepping ~*~*~tactically~*~*~ (hiding).
 21441 | Orc:1    | 21441 ||| Stepping ~*~*~tactically~*~*~ (hiding).
 21458 | Orc:1    | 21458 ||| Stepping ~*~*~tactically~*~*~ (hiding).
 21478 | Orc:1    | 21478 ||| INVOKING Heroism.
 21734 | Orc:2    | Entered Level 2 of the Orcish Mines
 21735 | Orc:2    | 21735 ||| INVOKING Heroism.
 21736 | Orc:2    | 21736 ||| STAIRDANCE
 21864 | Orc:2    | 21864 ||| Stepping ~*~*~tactically~*~*~ (stealth).
 21867 | Orc:2    | 21867 ||| Stepping ~*~*~tactically~*~*~ (hiding).
 21868 | Orc:2    | 21868 ||| Stepping ~*~*~tactically~*~*~ (hiding).
 21922 | Orc:2    | 21922 ||| Stepping ~*~*~tactically~*~*~ (stealth).
 21923 | Orc:2    | 21923 ||| Stepping ~*~*~tactically~*~*~ (stealth).
 22009 | Orc:2    | 22009 ||| INVOKING Heroism.
 22064 | Orc:2    | 22064 ||| Stepping ~*~*~tactically~*~*~ (stealth).
 22091 | Orc:2    | 22091 ||| Stepping ~*~*~tactically~*~*~ (stealth).
 22097 | Orc:2    | 22097 ||| INVOKING Heroism.
 22257 | Orc:2    | 22257 ||| Stepping ~*~*~tactically~*~*~ (stealth).
 22266 | Orc:2    | Identified the +3 battleaxe of the Spinneret {freeze, rF+
                  | Will+ rCorr Str+6}
 22281 | Orc:2    | 22281 ||| INVOKING Heroism.
 22346 | Orc:2    | Found a staircase to the Elven Halls.
 22407 | Orc:2    | 22407 ||| INVOKING Heroism.
 22533 | Orc:2    | 22533 ||| Stepping ~*~*~tactically~*~*~ (hiding).
 22536 | Orc:2    | 22536 ||| Stepping ~*~*~tactically~*~*~ (hiding).
 22537 | Orc:2    | 22537 ||| Stepping ~*~*~tactically~*~*~ (hiding).
 22651 | Orc:2    | 22651 ||| INVOKING Heroism.
 22651 | Orc:2    | Noticed an orc warlord
 22652 | Orc:2    | 22652 ||| INVOKING Finesse.
 22653 | Orc:2    | 22653 ||| INVOKING Finesse.
 22680 | Orc:2    | Killed an orc warlord
 22687 | Orc:2    | 22687 ||| Stepping ~*~*~tactically~*~*~ (hiding).
 22688 | Orc:2    | 22688 ||| Stepping ~*~*~tactically~*~*~ (hiding).
 22689 | Orc:2    | 22689 ||| Stepping ~*~*~tactically~*~*~ (hiding).
 22690 | Orc:2    | 22690 ||| Stepping ~*~*~tactically~*~*~ (hiding).
 22698 | Orc:2    | 22698 ||| Stepping ~*~*~tactically~*~*~ (stealth).
 22786 | Orc:2    | 22786 ||| INVOKING Heroism.
 22796 | Orc:2    | Found Haufoz's Jewellery Boutique.
 22819 | Orc:2    | 22819 ||| BUYING +4 ring of protection (504 gold).
 22819 | Orc:2    | Bought a +4 ring of protection for 504 gold pieces
 22819 | Orc:2    | 22819 ||| BUYING ring of Nez Ofo {rPois rCorr AC+4 Int-2
                  | Dex-4} (562 gold).
 22819 | Orc:2    | Bought the ring of Nez Ofo {rPois rCorr AC+4 Int-2 Dex-4}
                  | for 562 gold pieces
 22819 | Orc:2    | 22819 ||| BUYING ring of protection from cold (350 gold).
 22819 | Orc:2    | Bought a ring of protection from cold for 350 gold pieces
 22848 | Orc:2    | Found Ylilot's Weapon Shop.
 22852 | Orc:2    | 22852 ||| INVOKING Heroism.
 22969 | Orc:2    | 22969 ||| INVOKING Heroism.
 22987 | Orc:2    | Received a gift from Okawaru
 23053 | Orc:2    | 23053 ||| INVOKING Heroism.
 23106 | Orc:2    | Identified the +1 leather armour "Qadwaliso" {Regen+}
 23202 | Orc:2    | 23202 ||| INVOKING Heroism.
 23209 | Orc:2    | Reached skill level 6 in Throwing
 23229 | Orc:2    | Found Bieshen's Jewellery Shop.
 23234 | Orc:2    | 23234 ||| BUYING +6 ring of strength (432 gold).
 23234 | Orc:2    | Bought a +6 ring of strength for 432 gold pieces
 23234 | Orc:2    | 23234 ||| SHOPLISTING ring of Eternal Harmony {Wiz Will+
                  | rCorr Stlth+} (612 gold, have 152).
 23240 | Orc:2    | Found Duclup's Antique Weapon Boutique.
 23271 | Orc:2    | 23271 ||| INVOKING Heroism.
 23293 | Orc:2    | 23293 ||| Stepping ~*~*~tactically~*~*~ (hiding).
 23400 | Orc:2    | 23400 ||| INVOKING Heroism.
 23402 | Orc:2    | Reached XP level 16. HP: 104/104 MP: 20/23
 23612 | Orc:2    | 23612 ||| DROPPING ring of see invisible.
 23613 | Orc:2    | 23613 ||| UPGRADING to +4 ring of protection.
 23615 | Orc:2    | 23615 ||| UPGRADING to ring of Nez Ofo {rPois rCorr AC+4
                  | Int-2 Dex-4}.
 23617 | Orc:2    | 23617 ||| DROPPING +6 ring of dexterity.
 23618 | Orc:2    | 23618 ||| DROPPING ring of willpower.
 23619 | Orc:2    | 23619 ||| UPGRADING to +6 ring of strength.
 23656 | Orc:1    | 23656 ||| INVOKING Heroism.
 23860 | Orc:1    | 23860 ||| Stepping ~*~*~tactically~*~*~ (hiding).
 23861 | Orc:1    | 23861 ||| INVOKING Heroism.
 23863 | Orc:1    | 23863 ||| Stepping ~*~*~tactically~*~*~ (hiding).
 23977 | Orc:1    | 23977 ||| PLANNING SWAMP:1-3
 24119 | Swamp:1  | Entered Level 1 of the Swamp
 24137 | Swamp:1  | 24137 ||| INVOKING Heroism.
 24235 | Swamp:1  | 24235 ||| INVOKING Heroism.
 24287 | Swamp:1  | You are sucked into a shaft and drop 1 floor!
 24291 | Swamp:2  | 24291 ||| INVOKING Heroism.
 24353 | Swamp:2  | Noticed a thorn hunter
 24354 | Swamp:2  | 24354 ||| INVOKING Heroism.
 24355 | Swamp:2  | 24355 ||| INVOKING Finesse.
 24366 | Swamp:2  | Killed a thorn hunter
 24529 | Swamp:2  | 24529 ||| INVOKING Heroism.
 24593 | Swamp:1  | 24593 ||| INVOKING Heroism.
 24655 | Swamp:1  | 24655 ||| Stepping ~*~*~tactically~*~*~ (hiding).
 24656 | Swamp:1  | 24656 ||| INVOKING Heroism.
 24783 | Swamp:1  | Found a runed translucent gate.
 24783 | Swamp:1  | Found a runed translucent gate.
 24783 | Swamp:1  | Found a runed translucent gate.
 24784 | Swamp:1  | Noticed Zachydoop's ghost (journeyman DsGl)
 25033 | Swamp:2  | 25033 ||| INVOKING Heroism.
 25045 | Swamp:2  | Reached skill level 18 in Axes
 25060 | Swamp:2  | 25060 ||| Stepping ~*~*~tactically~*~*~ (stealth).
 25165 | Swamp:2  | 25165 ||| Stepping ~*~*~tactically~*~*~ (hiding).
 25389 | Swamp:2  | 25389 ||| Stepping ~*~*~tactically~*~*~ (cloud).
 25499 | Swamp:2  | 25499 ||| Stepping ~*~*~tactically~*~*~ (hiding).
 25756 | Swamp:2  | 25756 ||| INVOKING Heroism.
 25774 | Swamp:2  | 25774 ||| INVOKING Heroism.
 25794 | Swamp:2  | 25794 ||| INVOKING Heroism.
 25810 | Swamp:2  | HP: 24/104 [goliath frog (12)]
 25811 | Swamp:2  | 25811 ||| READING 9 scrolls of teleportation.
 25812 | Swamp:2  | 25812 ||| DRINKING 6 potions of heal wounds.
 26063 | Swamp:3  | 26063 ||| INVOKING Heroism.
 26071 | Swamp:3  | 26071 ||| Stepping ~*~*~tactically~*~*~ (stealth).
 26104 | Swamp:3  | Reached skill level 9 in Shields
 26111 | Swamp:3  | 26111 ||| FLEEEEING.
 26249 | Swamp:3  | 26249 ||| FLEEEEING.
 26250 | Swamp:3  | 26250 ||| FLEEEEING.
 26251 | Swamp:3  | 26251 ||| FLEEEEING.
 26252 | Swamp:3  | 26252 ||| FLEEEEING.
 26253 | Swamp:3  | 26253 ||| FLEEEEING.
 26517 | Swamp:3  | 26517 ||| DRINKING potion of experience.
 26517 | Swamp:3  | Reached XP level 17. HP: 112/112 MP: 24/24
 26530 | Swamp:3  | 26530 ||| Stepping ~*~*~tactically~*~*~ (stealth).
 26592 | Swamp:3  | 26592 ||| INVOKING Heroism.
 26594 | Swamp:3  | 26594 ||| INVOKING Finesse.
 26613 | Swamp:3  | Identified the +4 battleaxe of Intuition {vorpal, Int+3}
                  | (Okawaru gifted it to you on level 3 of the Swamp)
 26613 | Swamp:3  | Received a gift from Okawaru
 26936 | Swamp:3  | 26936 ||| PLANNING SNAKE:1-3
 26936 | Swamp:3  | 26936 ||| DROPPING amulet of regeneration.
 27041 | Snake:1  | Entered Level 1 of the Snake Pit
 27042 | Snake:1  | 27042 ||| INVOKING Heroism.
 27061 | Snake:1  | HP: 25/112 [salamander/+0 halberd (11)]
 27061 | Snake:1  | HP: 10/112 [salamander/+0 halberd (15)]
 27062 | Snake:1  | 27062 ||| READING 8 scrolls of teleportation.
 27063 | Snake:1  | 27063 ||| DRINKING 5 potions of heal wounds.
 27075 | Snake:1  | 27075 ||| Stepping ~*~*~tactically~*~*~ (hiding).
 27277 | Snake:1  | 27277 ||| READING scroll of enchant armour.
 27277 | Snake:1  | 27277 ||| ENCHANTING +1 cloak of stealth.
 27284 | Snake:1  | 27284 ||| INVOKING Heroism.
 27366 | Snake:1  | 27366 ||| INVOKING Heroism.
 27368 | Snake:1  | Reached skill level 15 in Fighting
 27389 | Snake:1  | Received a gift from Okawaru
 27395 | Snake:1  | HP: 18/113 [naga/+2 glaive of protection (18)]
 27396 | Snake:1  | 27396 ||| READING 7 scrolls of teleportation.
 27397 | Snake:1  | 27397 ||| DRINKING 4 potions of heal wounds.
 27403 | Snake:1  | 27403 ||| INVOKING Heroism.
 27422 | Snake:1  | 27422 ||| Stepping ~*~*~tactically~*~*~ (hiding).
 27443 | Snake:1  | 27443 ||| Stepping ~*~*~tactically~*~*~ (stealth).
 27627 | Snake:1  | 27627 ||| Stepping ~*~*~tactically~*~*~ (hiding).
 27643 | Snake:1  | Found a glowing silver altar of Zin.
 27676 | Snake:1  | 27676 ||| Stepping ~*~*~tactically~*~*~ (hiding).
 27808 | Snake:1  | Found Yfojiuva's Antique Armour Shop.
 27815 | Snake:1  | 27815 ||| BUYING pair of glowing boots (187 gold).
 27815 | Snake:1  | Bought a pair of glowing boots for 187 gold pieces
 27849 | Snake:1  | Found Feutargh's Antique Weapon Boutique.
 27978 | Snake:1  | 27978 ||| Stepping ~*~*~tactically~*~*~ (hiding).
 28242 | Snake:1  | 28242 ||| DROPPING +2 pair of boots.
 28298 | Snake:2  | 28298 ||| Stepping ~*~*~tactically~*~*~ (stealth).
 28307 | Snake:2  | Found a sparkling altar of Nemelex Xobeh.
 28413 | Snake:2  | 28413 ||| READING scroll of enchant armour.
 28413 | Snake:2  | 28413 ||| ENCHANTING +4 plate armour.
 28426 | Snake:2  | Reached XP level 18. HP: 112/119 MP: 25/25
 28673 | Snake:2  | 28673 ||| Stepping ~*~*~tactically~*~*~ (hiding).
 28678 | Snake:2  | 28678 ||| INVOKING Heroism.
 28688 | Snake:2  | Reached skill level 15 in Armour
 28747 | Snake:2  | 28747 ||| Stepping ~*~*~tactically~*~*~ (hiding).
 28836 | Snake:2  | 28836 ||| INVOKING Heroism.
 28847 | Snake:2  | Identified the +1 hat of Kegrus {Int+4} (Okawaru gifted it
                  | to you on level 2 of the Snake Pit)
 28847 | Snake:2  | Received a gift from Okawaru
 29042 | Snake:2  | 29042 ||| Stepping ~*~*~tactically~*~*~ (hiding).
 29045 | Snake:2  | 29045 ||| Stepping ~*~*~tactically~*~*~ (hiding).
 29050 | Snake:2  | 29050 ||| INVOKING Heroism.
 29052 | Snake:2  | 29052 ||| Stepping ~*~*~tactically~*~*~ (hiding).
 29216 | Snake:2  | 29216 ||| Stepping ~*~*~tactically~*~*~ (hiding).
 29339 | Snake:2  | 29339 ||| DROPPING +1 hat of Kegrus {Int+4}.
 29408 | Snake:3  | 29408 ||| Stepping ~*~*~tactically~*~*~ (hiding).
 29424 | Snake:3  | 29424 ||| Stepping ~*~*~tactically~*~*~ (stealth).
 29426 | Snake:3  | 29426 ||| INVOKING Heroism.
 29667 | Snake:3  | 29667 ||| INVOKING Heroism.
 29738 | Snake:3  | 29738 ||| Stepping ~*~*~tactically~*~*~ (hiding).
 29739 | Snake:3  | 29739 ||| Stepping ~*~*~tactically~*~*~ (hiding).
 29747 | Snake:3  | 29747 ||| INVOKING Heroism.
 29749 | Snake:3  | 29749 ||| Stepping ~*~*~tactically~*~*~ (hiding).
 29750 | Snake:3  | 29750 ||| Stepping ~*~*~tactically~*~*~ (hiding).
 29752 | Snake:3  | 29752 ||| Stepping ~*~*~tactically~*~*~ (hiding).
 29753 | Snake:3  | 29753 ||| Stepping ~*~*~tactically~*~*~ (hiding).
 29754 | Snake:3  | 29754 ||| Stepping ~*~*~tactically~*~*~ (hiding).
 29756 | Snake:3  | 29756 ||| Stepping ~*~*~tactically~*~*~ (hiding).
 29793 | Snake:3  | Noticed Mara
 29794 | Snake:3  | 29794 ||| INVOKING Finesse.
 29795 | Snake:3  | 29795 ||| INVOKING Heroism.
 29797 | Snake:3  | 29797 ||| Stepping ~*~*~tactically~*~*~ (hiding).
 29812 | Snake:3  | Noticed qw's illusion
 29813 | Snake:3  | Killed Mara
 29853 | Snake:3  | 29853 ||| Stepping ~*~*~tactically~*~*~ (hiding).
 29858 | Snake:3  | 29858 ||| INVOKING Heroism.
 29872 | Snake:3  | 29872 ||| Stepping ~*~*~tactically~*~*~ (stealth).
 30095 | Snake:3  | 30095 ||| FLEEEEING.
 30096 | Snake:3  | 30096 ||| Stepping ~*~*~tactically~*~*~ (hiding).
 30097 | Snake:3  | 30097 ||| INVOKING Heroism.
 30136 | Snake:3  | Noticed Saint Roka
 30137 | Snake:3  | 30137 ||| Stepping ~*~*~tactically~*~*~ (hiding).
 30145 | Snake:3  | 30145 ||| Stepping ~*~*~tactically~*~*~ (stealth).
 30149 | Snake:3  | 30149 ||| INVOKING Heroism.
 30150 | Snake:3  | 30150 ||| INVOKING Finesse.
 30165 | Snake:3  | Killed Saint Roka
 30558 | Snake:3  | 30558 ||| PLANNING SWAMP:4
 30558 | Snake:3  | 30558 ||| DROPPING scarf of repulsion.
 30559 | Snake:3  | 30559 ||| DROPPING +2 plate armour of cold resistance.
 30560 | Snake:3  | 30560 ||| UPGRADING to +2 kite shield.
 30570 | Snake:3  | 30570 ||| DROPPING +2 buckler.
 30571 | Snake:3  | 30571 ||| UPGRADING to +2 kite shield of resistance.
 30581 | Snake:3  | 30581 ||| DROPPING +2 kite shield.
 30582 | Snake:3  | 30582 ||| DROPPING ring of fire.
 30739 | Swamp:4  | Entered Level 4 of the Swamp
 30740 | Swamp:4  | 30740 ||| Stepping ~*~*~tactically~*~*~ (hiding).
 30799 | Swamp:4  | Noticed a tentacled monstrosity
 30800 | Swamp:4  | 30800 ||| INVOKING Heroism.
 30801 | Swamp:4  | 30801 ||| INVOKING Finesse.
 30820 | Swamp:4  | Killed a tentacled monstrosity
 30821 | Swamp:4  | 30821 ||| Stepping ~*~*~tactically~*~*~ (hiding).
 30831 | Swamp:4  | 30831 ||| Stepping ~*~*~tactically~*~*~ (stealth).
 30849 | Swamp:4  | Noticed Nikola
 30865 | Swamp:4  | Killed Nikola
 30874 | Swamp:4  | Reached skill level 12 in Shields
 30886 | Swamp:4  | 30886 ||| Stepping ~*~*~tactically~*~*~ (hiding).
 30891 | Swamp:4  | Received a gift from Okawaru
 30894 | Swamp:4  | Noticed Bai Suzhen
 30895 | Swamp:4  | 30895 ||| INVOKING Heroism.
 30902 | Swamp:4  | 30902 ||| INVOKING Finesse.
 30902 | Swamp:4  | Killed Bai Suzhen
 30907 | Swamp:4  | Received a gift from Okawaru
 30933 | Swamp:4  | Received a gift from Okawaru
 31019 | Swamp:4  | 31019 ||| Stepping ~*~*~tactically~*~*~ (stealth).
 31024 | Swamp:4  | 31024 ||| Stepping ~*~*~tactically~*~*~ (stealth).
 31025 | Swamp:4  | 31025 ||| Stepping ~*~*~tactically~*~*~ (stealth).
 31078 | Swamp:4  | 31078 ||| READING scroll of enchant weapon.
 31078 | Swamp:4  | 31078 ||| ENCHANTING +8 broad axe of flaming.
 31166 | Swamp:4  | 31166 ||| Stepping ~*~*~tactically~*~*~ (hiding).
 31169 | Swamp:4  | 31169 ||| Stepping ~*~*~tactically~*~*~ (hiding).
 31170 | Swamp:4  | 31170 ||| INVOKING Heroism.
 31176 | Swamp:4  | Reached XP level 19. HP: 97/125 MP: 24/26
 31220 | Swamp:4  | 31220 ||| Stepping ~*~*~tactically~*~*~ (stealth).
 31247 | Swamp:4  | 31247 ||| Stepping ~*~*~tactically~*~*~ (stealth).
 31249 | Swamp:4  | 31249 ||| Stepping ~*~*~tactically~*~*~ (hiding).
 31250 | Swamp:4  | 31250 ||| Stepping ~*~*~tactically~*~*~ (hiding).
 31255 | Swamp:4  | 31255 ||| INVOKING Heroism.
 31261 | Swamp:4  | Received a gift from Okawaru
 31286 | Swamp:4  | Identified the ring of Ahyokk {rF+ rC+ SInv}
 31323 | Swamp:4  | 31323 ||| INVOKING Heroism.
 31457 | Swamp:4  | Got a decaying rune of Zot
 31528 | Swamp:4  | 31528 ||| Stepping ~*~*~tactically~*~*~ (stealth).
 31529 | Swamp:4  | 31529 ||| Stepping ~*~*~tactically~*~*~ (stealth).
 31530 | Swamp:4  | 31530 ||| Stepping ~*~*~tactically~*~*~ (stealth).
 31532 | Swamp:4  | 31532 ||| Stepping ~*~*~tactically~*~*~ (hiding).
 31645 | Swamp:4  | 31645 ||| PLANNING VAULTS:1-4
 31645 | Swamp:4  | 31645 ||| DROPPING +2 cloak.
 31646 | Swamp:4  | 31646 ||| DROPPING ring of see invisible.
 31647 | Swamp:4  | 31647 ||| DROPPING ring of protection from fire.
 31672 | Swamp:2  | 31672 ||| INVOKING Heroism.
 31861 | Vaults:1 | Entered Level 1 of the Vaults
 31878 | Vaults:1 | 31878 ||| Stepping ~*~*~tactically~*~*~ (hiding).
 31879 | Vaults:1 | 31879 ||| Stepping ~*~*~tactically~*~*~ (hiding).
 31900 | Vaults:1 | 31900 ||| Stepping ~*~*~tactically~*~*~ (stealth).
 31913 | Vaults:1 | 31913 ||| Stepping ~*~*~tactically~*~*~ (stealth).
 31914 | Vaults:1 | 31914 ||| INVOKING Finesse.
 31926 | Vaults:1 | 31926 ||| Stepping ~*~*~tactically~*~*~ (stealth).
 31944 | Vaults:1 | 31944 ||| Stepping ~*~*~tactically~*~*~ (stealth).
 31949 | Vaults:1 | 31949 ||| Stepping ~*~*~tactically~*~*~ (stealth).
 31967 | Vaults:1 | 31967 ||| Stepping ~*~*~tactically~*~*~ (stealth).
 31970 | Vaults:1 | 31970 ||| INVOKING Heroism.
 32022 | Vaults:1 | 32022 ||| Stepping ~*~*~tactically~*~*~ (hiding).
 32198 | Vaults:1 | 32198 ||| INVOKING Heroism.
 32199 | Vaults:1 | 32199 ||| INVOKING Finesse.
 32202 | Vaults:1 | Received a gift from Okawaru
 32438 | Vaults:1 | 32438 ||| Stepping ~*~*~tactically~*~*~ (hiding).
 32447 | Vaults:1 | 32447 ||| Stepping ~*~*~tactically~*~*~ (hiding).
 32448 | Vaults:1 | 32448 ||| Stepping ~*~*~tactically~*~*~ (hiding).
 32451 | Vaults:1 | Reached skill level 15 in Shields
 32606 | Vaults:1 | 32606 ||| INVOKING Heroism.
 32649 | Vaults:1 | 32649 ||| INVOKING Finesse.
 32774 | Vaults:1 | 32774 ||| Stepping ~*~*~tactically~*~*~ (stealth).
 32777 | Vaults:1 | 32777 ||| Stepping ~*~*~tactically~*~*~ (stealth).
 32967 | Vaults:1 | 32967 ||| Stepping ~*~*~tactically~*~*~ (hiding).
 32972 | Vaults:1 | 32972 ||| Stepping ~*~*~tactically~*~*~ (hiding).
 32982 | Vaults:1 | 32982 ||| Stepping ~*~*~tactically~*~*~ (hiding).
 33144 | Vaults:1 | 33144 ||| INVOKING Heroism.
 33155 | Vaults:1 | Received a gift from Okawaru
 33182 | Vaults:1 | Received a gift from Okawaru
 33420 | Vaults:1 | 33420 ||| Stepping ~*~*~tactically~*~*~ (hiding).
 33795 | Vaults:2 | 33795 ||| Stepping ~*~*~tactically~*~*~ (hiding).
 33817 | Vaults:2 | 33817 ||| INVOKING Heroism.
 34001 | Vaults:2 | 34001 ||| INVOKING Heroism.
 34002 | Vaults:2 | 34002 ||| INVOKING Finesse.
 34003 | Vaults:2 | 34003 ||| Stepping ~*~*~tactically~*~*~ (stealth).
 34124 | Vaults:2 | 34124 ||| INVOKING Heroism.
 34125 | Vaults:2 | 34125 ||| INVOKING Finesse.
 34384 | Vaults:2 | Found a staircase to the Crypt.
 34386 | Vaults:2 | 34386 ||| INVOKING Heroism.
 34453 | Vaults:2 | 34453 ||| Stepping ~*~*~tactically~*~*~ (hiding).
 34456 | Vaults:2 | 34456 ||| Stepping ~*~*~tactically~*~*~ (hiding).
 34473 | Vaults:2 | 34473 ||| Stepping ~*~*~tactically~*~*~ (stealth).
 34496 | Vaults:2 | 34496 ||| Stepping ~*~*~tactically~*~*~ (stealth).
 34568 | Vaults:2 | 34568 ||| INVOKING Heroism.
 34691 | Vaults:2 | Reached XP level 20. HP: 134/134 MP: 27/27
 34705 | Vaults:2 | 34705 ||| INVOKING Finesse.
 34780 | Vaults:2 | Found a portal to a secret trove of treasure.
 34811 | Vaults:2 | 34811 ||| FLEEEEING.
 34812 | Vaults:2 | 34812 ||| FLEEEEING.
 34813 | Vaults:2 | 34813 ||| FLEEEEING.
 34814 | Vaults:2 | 34814 ||| FLEEEEING.
 34815 | Vaults:2 | 34815 ||| FLEEEEING.
 34821 | Vaults:2 | 34821 ||| INVOKING Heroism.
 34947 | Vaults:2 | 34947 ||| Stepping ~*~*~tactically~*~*~ (hiding).
 34955 | Vaults:2 | 34955 ||| INVOKING Heroism.
 34983 | Vaults:2 | Identified the +6 battleaxe of Junenk {elec, rPois Will-
                  | rCorr Int+5}
 34983 | Vaults:2 | Noticed Margery
 34984 | Vaults:2 | 34984 ||| DRINKING 2 potions of resistance.
 34985 | Vaults:2 | 34985 ||| INVOKING Heroism.
 35007 | Vaults:2 | Killed Margery
 35023 | Vaults:2 | HP: 13/136 [hell knight/+3 great sword[Margery] (34)]
 35023 | Vaults:2 | Killed from afar by a lindwurm

Levels and vault maps discovered:
D:1:      ncdulo_watergridlock, layout_basic
D:2:      layout_basic
D:3:      layout_basic, gammafunk_ghost_arena, gup_sewer_entry_pipe,
          minmay_goblin_kobold_house
D:4:      layout_loops_ring, nicolae_overflow_crystal_walls, okawaru_trees_2,
          nzn_random_ring
D:5:      minmay_chambers_of_threes, layout_loops_ring, kennysheep_slug_shrine,
          temple_fountains, serial_undead, serial_undead_e, serial_undead_a,
          serial_undead_e, serial_undead_b
D:6:      layout_gridville, mainiacjoe_overflow_alcove_4,
          palyth_stone_intersect, minivault_24,
          nicolae_concentric_dashed_squares_wild, nicolae_sextant,
          chequers_hall_statues_wall_a
D:7:      layout_loops_ring, serial_shops, shop, uniq_prince_ribbit1
D:8:      layout_rooms, gammafunk_temple_overflow_elements,
          mainiacjoe_overflow_two_lobes, kennysheep_cross_room
D:9:      layout_stronghold, demons_altar, nicolae_qazlal_general_emergency,
          due_lair_maze_entry_diamond, grunt_ministairs_5, hangedman_ranch
D:10:     layout_loops_corners, zin_purify, nicolae_vehumet_radiance,
          mainiacjoe_overflow_boulevard, orc_david_3
D:11:     layout_stronghold, serial_co_window_serial, co_window_paths_b,
          co_window_of_opportunity_a, co_window_corner_a, co_window_paths_a,
          co_window_of_opportunity_a, co_window_broadway_a, co_window_cross_4,
          co_window_unsneaky_path_a, co_window_corner_b, co_window_broadway_b,
          co_window_broadway_b, co_window_broadway_b, co_window_paths_d,
          glass_columns_a, glass_columns_c, glass_columns_b, glass_columns_b
D:12:     layout_loops_cross, ice2_lemuel, uniq_nessos, uniq_frances
D:13:     layout_rooms, david_vaults_3
D:14:     layout_loops_cross, lemuel_doored_altar, lemuel_nasty_fountain,
          uniq_rupert
D:15:     hangedman_depths_entry_try_elsewhere_first, layout_basic,
          kennysheep_pointless_box, chequers_serial_rivers_micro_d, drop_trap
Lair:1:   layout_gridlike, ebering_ghost_disaster_area, lemuel_centaur_altar
Lair:2:   wander_river, layout_layer_cave, minmay_swamp_entry_eels,
          minmay_snake_entry_six_corridors, chequers_serial_rivers_small_b,
          minivault_23, chequers_serial_rivers_micro_c, uniq_erica
Lair:3:   layout_hall_layers, nicolae_volcano_entry_lava_flow,
          ebering_ghost_reflecting_pool, chequers_serial_rivers_micro_c,
          serial_bayou_shore_b
Lair:4:   layout_loops_ring
Lair:5:   grunt_lair_end_beastmaster, layout_regular_city,
          minmay_slime_entry_pillars, st_stairs_4
Swamp:1:  layout_basic_swamp, gammafunk_ghost_necromancy,
          evilmike_swamp_ruin_house_2
Swamp:2:  cheibrodos_swamp_heart_of_darkness, layout_falls_marsh,
          evilmike_swamp_ruin_house_3, water_boxes_lemuel
Swamp:3:  cheibrodos_swamp_tower_of_moss, layout_basic_swamp,
          evilmike_swamp_ruin_rubble_2
Swamp:4:  swamp, layout_basic_swamp, uniq_nikola, uniq_bai_suzhen
Snake:1:  layout_onion, serial_shops, nicolae_shop_hallway_plus, basic_altar,
          drop_trap, st_stairs_2, nicolae_snake_snakes_in_the_grass,
          minmay_shop_star, serial_bayou_shore_a
Snake:2:  layout_basic, special_room, basic_altar, nicolae_triple_integral
Snake:3:  nrook_guardian_serpent_snake_passage, layout_basic,
          grunt_megastairs_4, uniq_saint_roka, uniq_mara
Orc:1:    layout_caves, basic_altar
Orc:2:    pubby_orc_utopia
Vaults:1: vaults_mumra_minichess_inversion, vaults_room_corners,
          nicolae_vaults_network_s, nicolae_vaults_triangles,
          nicolae_vaults_mini_display_case, nicolae_vaults_little_squares_2,
          ontoclasm_vaults_twist, hangedman_vaults_stretched_pinwheel,
          ontoclasm_vaults_eye, nicolae_vaults_theta,
          nicolae_vaults_hallways_thing, ontoclasm_vaults_ring_small,
          layout_vaults_maze_snakey
Vaults:2: hangedman_vaults_maws, vaults_dpeg_ring, v_alt_pattern_1,
          vaults_dpeg_diagonal, nicolae_vaults_minivaults,
          vaults_room_ringed_pool, vaults_room_grunt_arrival_ludios, v_misc_19,
          ontoclasm_vaults_chip, ontoclasm_vaults_fault,
          vaults_room_stairs_pillars, vaults_dpeg_hooks,
          hangedman_vaults_capsules, vaults_room_pool, ontoclasm_vaults_tryst,
          ontoclasm_vaults_decontamination, layout_vaults_ring,
          minmay_crypt_entry_simple_round, nicolae_trove_entry_columns,
          uniq_margery

Skill      XL: |  1  2  3  4  5  6  7  8  9 10 11 12 13 14 15 16 17 18 19 20 |
---------------+-------------------------------------------------------------+-----
Axes           | 2 3 4 5 6 7 8 10 11 13 14 15 17 18 | 18.0
Fighting       | 4 5 6 7 8 9 10 11 12 13 14 15 16 17 | 17.8
Dodging        | 1 2 3 4 5 |  5.0
Throwing       | 1 3 5 6 7 8 |  8.0
Invocations    | 3 4 5 9 10 | 10.0
Shields        | 4 5 6 7 8 9 13 16 | 16.0
Armour         | 4 7 8 9 11 12 13 14 15 16 17 | 17.0

Action                   |  1- 3 |  4- 6 |  7- 9 | 10-12 | 13-15 | 16-18 | 19-21 || total
-------------------------+-------+-------+-------+-------+-------+-------+-------++-------
Melee: War axe           |   109 |   245 |   352 |   541 |   429 |       |       ||  1676
       Broad axe         |       |       |       |       |   615 |   765 |   448 ||  1828
Throw: Boomerang         |       |    24 |    45 |    88 |    33 |    15 |    23 ||   228
       Javelin           |       |       |       |     2 |    78 |    61 |    46 ||   187
Invok: Heroism           |       |       |     7 |    30 |    46 |    32 |    15 ||   130
       Finesse           |       |       |       |     2 |    11 |     6 |     6 ||    25
  Use: Scroll            |     4 |     7 |     3 |    10 |    12 |     6 |       ||    42
       Potion            |     1 |     2 |     2 |     6 |       |     4 |     1 ||    16
 Stab: Petrified         |       |       |       |       |     6 |       |       ||     6
Armor: Scale mail        |    59 |   122 |    31 |       |       |       |       ||   212
       Chain mail        |       |       |   137 |    13 |       |       |       ||   150
       Plate armour      |       |       |       |   209 |   333 |   325 |   155 ||  1022
Dodge: Dodged            |    51 |    95 |   119 |   143 |   194 |   165 |    59 ||   826
Block: Buckler           |    20 |    52 |    73 |   245 |   370 |   335 |       ||  1095
       Reflection        |       |       |     1 |    16 |    16 |    42 |    12 ||    87
       Kite shield       |       |       |       |       |       |    71 |   272 ||   343

Table legend:
 A = Non-vault XP
 B = Vault XP
 C = Vault XP percentage of total XP
 D = Non-vault monster count
 E = Vault monster count
 F = Vault count percentage of total count
                 A         B        C        D         E       F
            +---------+---------+-------+---------+---------+-------
      Total |  209397 |  148795 |  41.5 |     698 |     491 |  41.3
            +---------+---------+-------+---------+---------+-------
        D:1 |      45 |       0 |   0.0 |      24 |       0 |   0.0
        D:2 |      58 |       0 |   0.0 |      17 |       0 |   0.0
        D:3 |     132 |      21 |  13.7 |      23 |      13 |  36.1
        D:4 |     670 |     363 |  35.1 |      34 |      15 |  30.6
        D:5 |     905 |    1160 |  56.2 |      18 |      26 |  59.1
        D:6 |    1024 |       0 |   0.0 |      22 |       0 |   0.0
        D:7 |    1895 |     241 |  11.3 |      20 |       1 |   4.8
        D:8 |    1963 |       0 |   0.0 |      20 |       0 |   0.0
        D:9 |    2176 |    3561 |  62.1 |      18 |      25 |  58.1
       D:10 |    2790 |     139 |   4.7 |      12 |       2 |  14.3
       D:11 |    3259 |       0 |   0.0 |      19 |       0 |   0.0
       D:12 |    7562 |   11189 |  59.7 |      25 |      34 |  57.6
       D:13 |    3592 |    1630 |  31.2 |      17 |       2 |  10.5
       D:14 |    2747 |       0 |   0.0 |       7 |       0 |   0.0
       D:15 |   10048 |    2587 |  20.5 |      21 |       4 |  16.0
     Lair:1 |    4423 |     452 |   9.3 |      23 |       4 |  14.8
     Lair:2 |    6266 |    4130 |  39.7 |      30 |      12 |  28.6
     Lair:3 |   11206 |       0 |   0.0 |      22 |       0 |   0.0
     Lair:4 |    6583 |     266 |   3.9 |      18 |       1 |   5.3
     Lair:5 |    3325 |    8856 |  72.7 |      13 |      22 |  62.9
    Swamp:1 |    9024 |       0 |   0.0 |      21 |       0 |   0.0
    Swamp:2 |    8452 |     724 |   7.9 |      21 |       1 |   4.5
    Swamp:3 |   11277 |    1493 |  11.7 |      22 |       1 |   4.3
    Swamp:4 |   18526 |   20387 |  52.4 |      30 |      27 |  47.4
    Snake:1 |   15013 |    5944 |  28.4 |      30 |      15 |  33.3
    Snake:2 |   13144 |       0 |   0.0 |      26 |       0 |   0.0
    Snake:3 |   14507 |   11716 |  44.7 |      23 |      20 |  46.5
      Orc:1 |    9664 |      18 |   0.2 |      63 |       6 |   8.7
      Orc:2 |       0 |   17801 | 100.0 |       0 |     137 | 100.0
   Vaults:1 |   18082 |   29073 |  61.7 |      27 |      41 |  60.3
   Vaults:2 |   21039 |   26712 |  55.9 |      32 |      26 |  44.8
      Sewer |       0 |     332 | 100.0 |       0 |      56 | 100.0
            +---------+---------+-------+---------+---------+-------
